[Event "Esbjerg Efterår 2024 - Esbjergmesterskabet"]
[Site "Esbjerg, Denmark"]
[Date "2024.10.19"]
[Round "4.1"]
[White "Medhus, Vitus Bondo"]
[Black "Løftgaard, Mikkel Vinh"]
[Result "1-0"]
[TimeControl "1.-3. 20 min + 5 sek, 4.-7. 90 min + 30 sek + 15 min efter 40 træk"]
[WhiteElo "2246"]
[BlackElo "2209"]

1. e4 c5 2. Nc3 e6 3. Nge2 Nc6 4. g3 d5 5. exd5 exd5 6. d4 Bg4 7. Bg2 cxd4 8.
Nxd5 Nf6 9. Bg5 Be7 10. Nxe7 Qxe7 11. h3 Be6 12. Bxc6+ bxc6 13.
Qxd4 Rd8 14. Bxf6 gxf6 15. Qh4 Bd5 16. O-O Qe4 17. Qxe4+ Bxe4 18. Rfe1 O-O 19. c3 Rd2 20. Nd4 f5 21.
Re2 Rxe2 22. Nxe2 Rb8 23. b4 c5 24. a3 Rd8 25. Kf1 Rd3 26. Ke1 Bf3 27. Rc1 Rd6 28. bxc5 Re6 29. Rc2 Re5 30.
c6 Bxc6 31. Kd2 Ra5 32. Ra2 Bd5 33. Ra1 Bc4 34. Nf4 Kg7 35. Ng2 Rd5+ 36. Kc1 Rd3 37. Ne3 Rxc3+ 38. Kd2 Rd3+ 39. Kc2 Ba6 40.
Nxf5+ Kf6 41. Ne3 Ke5 42. Re1 Ke4 43. Ng4+ Kd4 44. Re7 Rxa3 45. Rd7+ Kc5 46. Rxf7 Bd3+ 47. Kb2 Ra2+ 48. Kc3 Bg6 49.
Rf4 a5 50. Ne5 Be8 51. Rf5 a4 52. Nc4+ Kc6 53. Kb4 Kd7 54. g4 Bg6 55. Ne5+ Ke6 56. Nxg6 hxg6 57. Rf3 Ra1 58. g5 a3 59. Rf6+ Ke5 60. Rxg6 Kf5 61. Rg8 a2 62. Kb3 Rf1 63. Kxa2 Rxf2+ 64. Kb1 Rh2 65. g6 Rxh3 66. g7 Kg6 67. Rh8 1-0

[Event "Esbjerg Efterår 2024 - Esbjergmesterskabet"]
[Site "Esbjerg, Denmark"]
[Date "2024.10.19"]
[Round "4.2"]
[White "Rossen, Claus"]
[Black "Jacobsen, Mikkel Manosri"]
[Result "1/2-1/2"]
[TimeControl "1.-3. 20 min + 5 sek, 4.-7. 90 min + 30 sek + 15 min efter 40 træk"]
[WhiteElo "2072"]
[BlackElo "2350"]

1. d4 d5 2. Nf3 e6 3. c4 a6 4. Nbd2 Nf6 5. Qc2 Nbd7 6. e4 dxe4 7. Nxe4 Bb4+ 8. Nc3 b6 9. a3 Be7 10.
Be2 Bb7 11. O-O c5 12. dxc5 bxc5 13. Bf4 Nh5 14. Be3 Qc7 15. Rfd1 Ndf6 16. Ne1 Bd6 17. g3 O-O 18. Bf3 Bxf3 19.
Nxf3 Ng4 20. Qe2 g6 21. Bg5 h6 22. Ne4 Bxg3 23. fxg3 hxg5 24. Nfxg5 Nhf6 25. Rf1 Qe7 26. h3 Nxe4 27.
Nxe4 f5 28. hxg4 fxe4 29. Qxe4 Kh7 30. Rae1 Qd6 31. Rf4 Rxf4 32. gxf4 Rf8 33. Rf1 Rb8 34. Rf2 Qd1+ 35. Kh2 Qxg4 36.
Rd2 Rb3 37. Kh1 Rh3+ 38. Rh2 Qd1+ 39. Kg2 Qg4+ 40. Kh1 Qd1+ 41. Kg2 Rxh2+ 42. Kxh2 Qd2+ 43. Kg3 Qxb2 44. Qxe6 Qxa3+ 45. Kg4 Qb2 46.
Qe7+ Kh6 47. Qh4+ Kg7 48. Qe7+ Kh6 49. Qh4+ Kg7 50. Qe7+ 1/2-1/2

[Event "Esbjerg Efterår 2024 - Esbjergmesterskabet"]
[Site "Esbjerg, Denmark"]
[Date "2024.10.19"]
[Round "4.3"]
[White "Hansen, Lars"]
[Black "Perets, Dmytro"]
[Result "0-1"]
[TimeControl "1.-3. 20 min + 5 sek, 4.-7. 90 min + 30 sek + 15 min efter 40 træk"]
[WhiteElo "2203"]
[BlackElo "2152"]

1. Nf3 c5 2. e3 g6 3. d4 Bg7 4. dxc5 Na6 5. Be2 Nf6 6. O-O Nxc5 7. c4 Nfe4 8. Nd4 O-O 9. b4 Ne6 10.
Bb2 d5 11. Nxe6 Bxe6 12. Bxg7 Kxg7 13. Qd4+ Nf6 14. c5 Qc7 15. Rc1 Rac8 16. Nc3 b6 17. Na4 Bd7 18. c6 e5 19. Qb2 Bf5 20.
Ba6 Rcd8 21. h3 d4 22. exd4 exd4 23. Bf1 Rfe8 24. b5 d3 25. Nc3 Qf4 26. Rd1 Re5 27. g3 Qd4 28. Rd2 Rc5 29.
Nd1 Qxb2 30. Rxb2 Ne4 31. Bg2 Nd6 32. Ne3 Nxb5 33. Nxf5+ gxf5 34. Rd2 Nc3 35. Bf1 Rxc6 36. Rxd3 Rxd3 37.
Bxd3 Kf6 38. Kg2 Rd6 39. Bc4 Rd2 40. Kf3 b5 41. Bb3 a5 42. Ke3 Rb2 43. Kd3 Ne4 44. f3 Nxg3 45. Rc1 a4 46. Bd5 Ne2 47. Rc6+ Kg5 48. Bxf7 Nf4+ 49. Kd4 b4 50. Ra6 Ne2+ 51. Ke3 f4+ 52. Ke4 Nc3+ 53. Kd3 a3 54. Rb6 Kh4 55. Be6 Kg3 56. Rb7 Nxa2 57. Bxa2 Rxa2 58. Rxb4 Rf2 59. Ke4 Rxf3 60. Ra4 Re3+ 61. Kf5 f3 62. Rg4+ Kh2 63. Kf4 f2 0-1

[Event "Esbjerg Efterår 2024 - Esbjergmesterskabet"]
[Site "Esbjerg, Denmark"]
[Date "2024.10.19"]
[Round "4.4"]
[White "Saravana, Vedant Kumar"]
[Black "Hye, Allan"]
[Result "1/2-1/2"]
[TimeControl "1.-3. 20 min + 5 sek, 4.-7. 90 min + 30 sek + 15 min efter 40 træk"]
[WhiteElo "2115"]
[BlackElo "1988"]

1. e4 c6 2. d4 d5 3. Nc3 dxe4 4. Nxe4 Bf5 5. Ng3 Bg6 6. Nf3 Nd7 7. h4 h6 8. h5 Bh7 9. Bd3 Bxd3 10.
Qxd3 e6 11. Bd2 Ngf6 12. O-O-O Be7 13. Kb1 O-O 14. Ne4 Nxe4 15. Qxe4 Nf6 16. Qe2 Qd5 17. Ne5 Qe4 18. Qxe4 Nxe4 19.
Be1 Rfd8 20. f3 Nf6 21. Bf2 a5 22. a4 Nd5 23. c4 Nb4 24. f4 b5 25. axb5 cxb5 26. cxb5 Rd5 27. b6 Rb5 28.
Nd3 Nd5 29. Rc1 Rxb6 30. Kc2 Rab8 31. Rb1 Bf6 32. Rhd1 Rc6+ 33. Kd2 a4 34. Rdc1 Rcb6 35. Ra1 Ra8 36. Rc4 Rba6 37. Nc5 Rb6 38.
Nxa4 Rxb2+ 39. Nxb2 Rxa1 40. Nd3 Ra2+ 41. Rc2 Rxc2+ 1/2-1/2

[Event "Esbjerg Efterår 2024 - Esbjergmesterskabet"]
[Site "Esbjerg, Denmark"]
[Date "2024.10.19"]
[Round "4.5"]
[White "Desevac, Damir"]
[Black "Guindy, Esmat Susanne"]
[Result "0-1"]
[TimeControl "1.-3. 20 min + 5 sek, 4.-7. 90 min + 30 sek + 15 min efter 40 træk"]
[WhiteElo "1836"]
[BlackElo "2025"]

1. Nf3 d5 2. d4 Bf5 3. c4 e6 4. Nc3 Nf6 5. Bg5 c6 6. Qb3 Qb6 7. c5 Qxb3 8. axb3 Be7 9. e3 O-O 10.
Kd2 Nbd7 11. Bd3 Rfe8 12. Bxf5 exf5 13. Kd3 a6 14. b4 Ne4 15. Bxe7 Rxe7 16. Rhf1 Rae8 17. Nd2 Ng5 18. h4 Ne6 19.
g3 Nf6 20. Rae1 Ne4 21. Ncxe4 fxe4+ 22. Kc3 Nf8 23. Kb3 Nd7 24. Ka4 h5 25. Rg1 Re6 26. Nb3 R8e7 27. Na5 Nf6 28.
Re2 Kf8 29. Nb3 Ke8 30. Ka5 Kd8 31. Kb6 Kc8 32. Rc2 Kb8 33. Nc1 Ng4 34. Ne2 Rf6 35. Nf4 Rf5 36. Rg2 Nf6 37. Re2 Re8 38.
Nh3 g6 39. Ng5 Nd7+ 40. Ka5 Ka7 41. Ka4 Re7 42. Kb3 Nf6 43. Kc3 Ng4 44. Nh3 Kb8 45. Nf4 Kc7 46. Rc2 Re8 47. Re2 Ra8 48.
Re1 Kd7 49. Ra1 Rg8 50. b3 f6 51.
Rag1 Ke7 52. Kd2 Kf7 53. Ke2 Re8 54. Rf1 Kg7 55. Rfg1 Rh8 56. Rh1 Kf7 57. Ke1 Rh7 58. Ke2 g5 59.
Nh3 Kg6 60. Rhg1 Re7 61. Ke1 Nh6 62. Kd2 Re8 63. Kc3 Ng4 64. Rh1 Ra8 65. Kd2 Kh6 66. Ke2 Rb8 67. Kd2 Rf3 68. Kc3 gxh4 69.
gxh4 b6 70. Kc2 bxc5 71. bxc5 Rxe3 72. Rxg4 Re2+ 73.
Kd1 Ra2 74. Rgg1 Rxb3 75. Kc1 Rxh3 76. Rxh3 Ra1+ 77. Kd2 Rxg1 78. Ra3 Rg6 79. Rxa6 f5 80. Ke3 Re6 81. Kf4 Kg6 82. Ra1 Kf6 83. Rg1 e3 84. fxe3 Re4+ 85. Kf3 Rxh4 86. Rg8 Re4 87. Rc8 Re6 88. Kf4 Kg6 89. Rg8+ Kf7 90. Rg5 Re4+ 91. Kf3 f4 92. Rf5+ Ke6 93. Rxf4 Rxf4+ 94. Kxf4 Kf6 95. e4 dxe4 96. Kxe4 Ke6 97. d5+ cxd5+ 98. Kd4 h4 99. c6 Kd6 100. c7 Kxc7 0-1

[Event "Esbjerg Efterår 2024 - Esbjergmesterskabet"]
[Site "Esbjerg, Denmark"]
[Date "2024.10.19"]
[Round "4.7"]
[White "Vinther, Christoffer"]
[Black "Wyff, Poul"]
[Result "1/2-1/2"]
[TimeControl "1.-3. 20 min + 5 sek, 4.-7. 90 min + 30 sek + 15 min efter 40 træk"]
[WhiteElo "1800"]
[BlackElo "1786"]

1. e4 c6 2. d4 d5 3. f3 e6 4. Nc3 Ne7 5. Be3 Ng6 6. Qd2 b6 7. O-O-O Ba6 8. Nge2 Be7 9. g3 O-O 10.
h4 h5 11. Bg2 b5 12. Bg5 b4 13. Na4 Bxg5 14. hxg5 Bxe2 15. Qxe2 Qxg5+ 16. f4 Qxg3 17. Qxh5 Qxf4+ 18. Kb1 Qh6 19.
Qe2 Qg5 20. Rdg1 Nd7 21. Bf3 Qe7 22. Qh2 Qh4 23. Qxh4 Nxh4 24. Rxh4 g6 25. Rgh1 Kg7 26. Rh7+ Kf6 27. R1h6 Kg5 28.
e5 Rac8 29. Rh1 Kf4 30. R1h3 c5 31. dxc5 Kxe5 32. R3h4 a5 33. c3 bxc3 34. Nxc3 Rxc5 35. Na4 Rc7 36. Rh1 Rc4 37. b3 Rf4 38.
R7h3 Rc8 39. Nb2 Rd4 40. Re1+ Kd6 41. Bd1 Ne5 42. Rh7 f6 43. Ra7 Nc6 44. Rg7 Ne5 45. Ra7 Nc6 46. Rg7 Ne5 1/2-1/2

[Event "Esbjerg Efterår 2024 - Esbjergmesterskabet"]
[Site "Esbjerg, Denmark"]
[Date "2024.10.19"]
[Round "4.8"]
[White "Iversen, Tobias"]
[Black "Hansen, Joshua Kehlet"]
[Result "1-0"]
[TimeControl "1.-3. 20 min + 5 sek, 4.-7. 90 min + 30 sek + 15 min efter 40 træk"]
[WhiteElo "1936"]
[BlackElo "1819"]

1. e4 e6 2. Nf3 d5 3. Nc3 Nf6 4. e5 Nfd7 5. d4 c5 6. dxc5 Nc6 7. Bf4 Bxc5 8. Bd3 Bb4 9. O-O Bxc3 10. bxc3 Qc7 11. Qe2 Na5 12. Nd4 a6 13. Qg4 g6 14.
Nxe6 fxe6 15. Qxe6+ Kf8 16. Bh6# 1-0